 Dungeon Crawl Stone Soup version 0.28.0 (webtiles) character file.

Game seed: 6450056507892563120

51 zeram the Skirmisher (level 3, -2/33 HPs)
             Began as a Ghoul Fighter on Feb 5, 2022.
             Slain by Crazy Yiuf (9 damage)
             ... while paralysed by Crazy Yiuf
             ... on level 2 of the Dungeon.
             The game lasted 00:01:44 (1492 turns).

zeram the Skirmisher (Ghoul Fighter)                Turns: 1492, Time: 00:01:44

Health: -2/33      AC:  6    Str: 19    XL:     3   Next: 83%
Magic:  11/11      EV:  2    Int:  5    God:
Gold:   99         SH:  0    Dex:  8    Spells: 2/2 levels left

rFire   + . .      SeeInvis .   a - +0 trident
rCold   + + .      Faith    .   c - +0 buckler
rNeg    + + +      Spirit   .   b - +0 scale mail
rPois   ∞          Reflect  .   (no helmet)
rElec   .          Harm     .   j - scarf {rC+ rF+}
rCorr   .          Rampage  .   (no gloves)
Will    .....                   (no boots)
Stlth   ..........              h - amulet of regeneration
HPRegen 0.00/turn               i - ring of magical power
MPRegen 0.12/turn               (no ring)

@: paralysed, mighty, agile, inhibited regen, slowed
A: claws 1, cold resistance 1, negative energy resistance 3, inhibited
regeneration, torment resistance 2
a: no special abilities


You were on level 2 of the Dungeon.
You visited 1 branch of the dungeon, and saw 2 of its levels.

You collected 99 gold pieces.

Inventory:

Hand Weapons
 a - a +0 trident (weapon)
Armour
 b - a +0 scale mail (worn)
 c - a +0 buckler (worn)
 j - a scarf of resistance (worn)
Jewellery
 h - an amulet of regeneration (around neck)
 i - a ring of magical power (left claw)
Scrolls
 f - 3 scrolls of teleportation
Potions
 d - a potion of might
 e - a potion of resistance {unknown}
 g - a potion of haste {unknown}
 k - a potion of mutation {unknown}
 l - 2 potions of curing
 m - a potion of brilliance {unknown}


   Skills:
 + Level 3.9 Fighting
 + Level 2.2 Polearms
 + Level 3.0 Armour
 + Level 0.5 Dodging
 + Level 3.1 Shields


You had 2 spell levels left.
You didn't know any spells.
Your spell library contained the following spells:

 Spells                   Type           Power      Damage    Failure   Level
 Apportation              Tloc           0%         N/A       91%         1
 Alistair's Intoxication  Tmut/Pois      0%         N/A       100%        5


Dungeon Overview and Level Annotations

Branches:
Dungeon (2/15)

Altars:

Shops:
D:2 :

Annotations:
D:2 Crazy Yiuf


Innate Abilities, Weirdness & Mutations

You thrive by killing the living.
You are immune to poison.
You have sharp fingernails.
Your flesh is cold resistant. (rC+)
You are immune to negative energy. (rN+++)
You do not regenerate when monsters are visible.
You are immune to unholy pain and torment.


Message History

No target in view!
No target in view!
No target in view!
No target in view!
No target in view!
No target in view!
No target in view!
No target in view!
No target in view!
No target in view!
No target in view!
Found a scale mail.
You see here a +0 scale mail.
There is an entrance to Piolisiy's Book Emporium here.
You now have 99 gold pieces (gained 5).
You see here a +0 chain mail.
Found a mace.
Found a runed translucent door.
Crazy Yiuf shouts!
Crazy Yiuf cries, "You leg down broken song, no?"
Could not explore, unopened runed door.
Could not explore, unopened runed door.
Could not explore, unopened runed door.
Could not explore, unopened runed door.
Failed to move towards target.
You feel very mighty all of a sudden.
You open the door. You closely miss Crazy Yiuf. You block Crazy Yiuf's attack.
Crazy Yiuf screams, "Gum snail snockshim!"
Crazy Yiuf hits you but does no damage.
You suddenly lose the ability to move!
Crazy Yiuf hits you with a +4 quarterstaff of chaos!
You feel yourself slow down.
Crazy Yiuf cries, "Buddy unthinkable koolooloo!"
Crazy Yiuf hits you with a +4 quarterstaff of chaos!
You feel agile all of a sudden.
Crazy Yiuf hits you with a +4 quarterstaff of chaos.
* * * LOW HITPOINT WARNING * * *
You convulse.
* * * LOW HITPOINT WARNING * * *
Crazy Yiuf hits you with a +4 quarterstaff of chaos!
You die...

##.........###....#
.#.........# #....#
##.........# ♣P.P.♣
#.........# ♣.P.♣♣
#.........# ♣♣.♣♣
#.........# ♣.♣♣
##..#.##### ♣♣.♣
###.##.# ♣.♣♣
#...##.# ♣♣@♣
..####.##### #g#
..####.##..# ...
)......)...# #...#
..####..#..# #..)#
#..####.#### #####
##..###.# ##.....#
#####.#######


You could see Crazy Yiuf.

Vanquished Creatures
  An adder (D:2)
  A worm (D:2)
  A bat (D:2)
  6 endoplasms
  9 goblins
  4 hobgoblins
  A quokka (D:2)
  2 ball pythons (D:2)
  2 frilled lizards
  4 kobolds
  3 rats
34 creatures vanquished.

Notes
Turn   | Place    | Note
-------+----------+-------------------------------------------
     0 | D:1      | zeram the Ghoul Fighter began the quest for the Orb.
     0 | D:1      | Reached XP level 1. HP: 19/19 MP: 0/0
   191 | D:1      | Reached XP level 2. HP: 26/26 MP: 1/1
  1006 | D:2      | Reached XP level 3. HP: 31/31 MP: 2/2
  1045 | D:2      | Found Piolisiy's Book Emporium.
  1430 | D:2      | Found a runed translucent door.
  1431 | D:2      | Noticed Crazy Yiuf
  1488 | D:2      | Paralysed by Crazy Yiuf for 5 turns
  1492 | D:2      | Slain by Crazy Yiuf

Illustrated notes

Levels and vault maps discovered:
D:1:      amcnicky_arrival_abandoned_market, layout_basic
D:2:      layout_rooms, serial_shops, shop_fountains, uniq_crazy_yiuf_cottage

Skill      XL: |  1  2  3 |
---------------+----------+-----
Shields        | 3 |  3.1
Armour         | 3 |  3.0
Polearms       | 2 |  2.2
Fighting       | |  3.9
Dodging        | |  0.5

Action                   || total
-------------------------++-------
Melee: Trident           ||    96
  Use: Scroll            ||     6
       Potion            ||     1
Armor: Scale mail        ||    35
Dodge: Dodged            ||    35
Block: Buckler           ||    13
